 Dungeon Crawl Stone Soup version 0.20.1-1-g8b1a95d (webtiles) character file.

67 equalderp2856 the Magician (level 3, -2/14 HPs)
             Began as a Felid Wizard on Sept 26, 2017.
             Killed from afar by Natasha (6 damage)
             ... with a magic dart
             ... on level 2 of the Dungeon.
             The game lasted 00:04:50 (2804 turns).

equalderp2856 the Magician (Felid Wizard)           Turns: 2804, Time: 00:04:51

Health: -2/14      AC:  1    Str:  8    XL:     3   Next: 98%
Magic:  5/9        EV: 18    Int: 20    God:
Gold:   73         SH:  0    Dex: 14    Spells: 9/10 levels left
                                        Lives:  0   Deaths: 0

rFire    . . .     SeeInvis +   (weapon unavailable)
rCold    . . .     Gourm    .   (shield unavailable)
rNeg     . . .     Faith    .   (armour unavailable)
rPois    .         Spirit   .   (helmet unavailable)
rElec    .         Reflect  .   (cloak unavailable)
rCorr    .         Harm     .   (gloves unavailable)
MR       .....                  (boots unavailable)
Stlth    +++.......             (no amulet)
Regen    0.1/turn               (no ring)
MPRegen  0.2/turn               (no ring)

@: mighty, very slightly contaminated, slowed, slow
A: no armour, no weapons or thrown items, stealth, claws 1, fangs 3, see
invisible, carnivore 3, speed 1, shaggy fur 1, slow metabolism 1, sharp paws
a: no special abilities


You were on level 2 of the Dungeon.
You were not hungry.

You visited 1 branch of the dungeon, and saw 2 of its levels.

You collected 73 gold pieces.

Inventory:

Scrolls
 c - a scroll of amnesia {unknown}
 d - 4 scrolls of remove curse {unknown}
 f - a scroll of immolation {unknown}
 i - a scroll of random uselessness {unknown}
 j - a scroll of magic mapping {unknown}
Potions
 g - a potion of resistance {unknown}
 h - a potion of haste {unknown}
 l - a potion of magic {unknown}
 m - a potion of cancellation {unknown}
 n - a potion of curing {unknown}
Books
 a - a book of Minor Magic

   Spells                             Type                      Level
   a - Magic Dart                     Conjuration                  1
   b - Blink                          Translocation                2
   c - Call Imp                       Summoning                    2
   d - Slow                           Hexes                        2
   e - Conjure Flame                  Conjuration/Fire             3
   f - Mephitic Cloud                 Conjuration/Poison/Air       3
Comestibles
 b - 3 meat rations
 k - 3 royal jellies


   Skills:
 + Level 3.6 Dodging
 + Level 2.8 Stealth
 + Level 4.0 Spellcasting
 + Level 1.5 Conjurations
   Level 1.0 Summonings
   Level 1.5 Translocations


You had 9 spell levels left.
You knew the following spells:

 Your Spells              Type           Power        Failure   Level  Hunger
a - Magic Dart            Conj           ##..         7%          1    None


Dungeon Overview and Level Annotations

Branches:
Dungeon (2/15)

Altars:

Annotations:
D:2 Natasha


Innate Abilities, Weirdness & Mutations

You cannot wear armour.
You are incapable of wielding weapons or throwing items.
Your paws allow you to move quietly. (Stealth)
You have sharp claws.
You have razor-sharp teeth.
You have supernaturally acute eyesight. (SInv)
You are carnivorous and can eat meat at any time.
You cover ground quickly.
You are covered in fur. (AC +1)
You have a slow metabolism.
Your sharp claws are effective at attacking unaware monsters.


Message History

You miscast Magic Dart.
You are very lightly contaminated with residual magic.
Sparks fly from your paws!
Casting: Magic Dart
Confirm with . or Enter, or press ? or * to list all spells.
Aiming: Magic Dart
Press: ? - help, Shift-Dir - straight line, p - Natasha
Okay, then.
You scratch Natasha.
Natasha is almost dead.
Natasha barely misses you. Natasha claws you!
Ouch! That really hurt!
* * * LOW HITPOINT WARNING * * *
Unknown command.
It was a potion of might.
You feel very mighty all of a sudden. Natasha claws you but does no damage.
Natasha casts a spell at you. The magic dart hits you!
You die...

#. #.## . .. #..## ###.
#.##...####... #### ##
#.$..#..##..# .. #..###.
###..##.##.# #.# #......
##.......# #.# #.####.
###......###.# #.# #.
#...#h##..##.# #.## #.
#.###.@....#.# #..# #.
#######.######...#.#
##.###. .....)รท..###
#.....# #.##..
#######....# ###...##
#....# ###.##.##
#..%.#####..##
#...##..####........#..##
#.#####.##...#..###......
#.# #..#.###..# ##..#..
###.# ##...# #..####..##.


You could see Natasha.

Vanquished Creatures
  3 adders (D:2)
  2 dart slugs (D:1)
  A leopard gecko (D:1)
  A bat (D:1)
  2 giant cockroaches
  5 goblins (D:1)
  5 hobgoblins
  2 jackals (D:2)
  3 kobolds
  A quokka (D:1)
  A ball python (D:1)
  3 frilled lizards
  4 rats
33 creatures vanquished.

Notes
Turn   | Place    | Note
-------+----------+-------------------------------------------
     0 | D:1      | equalderp2856 the Felid Wizard began the quest for the Orb.
     0 | D:1      | Reached XP level 1. HP: 7/7 MP: 5/5
     6 | D:1      | Noticed a swamp worm
     6 | D:1      | Noticed a polar bear
     6 | D:1      | Noticed a redback
     7 | D:1      | Noticed a komodo dragon
     7 | D:1      | Noticed a hound
   832 | D:1      | Reached XP level 2. HP: 11/11 MP: 5/7
  1072 | D:1      | Reached skill level 1 in Conjurations
  1492 | D:2      | Reached XP level 3. HP: 11/14 MP: 2/9
  2330 | D:2      | Reached skill level 4 in Spellcasting
  2792 | D:2      | Noticed Natasha
  2804 | D:2      | Killed from afar by Natasha

Skill      XL: |  1  2  3 |
---------------+----------+-----
Dodging        | 3 |  3.6
Conjurations   | 1 |  1.5
Spellcasting   | 4 |  4.0
Stealth        | |  2.8
Summonings     | |  1.0
Translocations | |  1.5

Action                   || total
-------------------------++-------
Melee: Unarmed           ||    46
       Bite              ||     1
 Cast: Magic Dart        ||   104
  Use: Potion            ||     1
  Eat: Chunk             ||     2
Armor: Skin              ||     3
Dodge: Dodged            ||    77
